 Dungeon Crawl Stone Soup version 0.28-a0-1234-g826d19b2e0 (webtiles) character file.

Game seed: 16700388535261633605

2650 Turgor the Cleaver (level 9, -3/69 (72) HPs)
             Began as a Demonspawn Abyssal Knight on Dec 23, 2021.
             Was a High Priest of Lugonu.
             Slain by Joseph (13 damage)
             ... on level 8 of the Dungeon on Dec 24, 2021.
             The game lasted 01:10:55 (6017 turns).

Turgor the Cleaver (Demonspawn Abyssal Knight)      Turns: 6017, Time: 01:10:56

HP:   -3/69 (72)    AC:  8    Str: 18    XL:     9   Next: 36%
MP:   11/11         EV: 11    Int: 11    God:    Lugonu [*****.]
Gold: 270           SH:  0    Dex: 14    Spells: 7/8 levels left

rFire   . . .      SeeInvis +   g - +4 war axe
rCold   . . .      Faith    .   (no shield)
rNeg    . . .      Spirit   .   n - +0 scale mail
rPois   .          Reflect  .   (helmet unavailable)
rElec   .          Harm     .   (no cloak)
rCorr   .          Rampage  .   (no gloves)
Will    .....                   f - +0 pair of boots
Stlth   +.........              e - amulet of regeneration
HPRegen 1.01/turn               (no ring)
MPRegen 0.24/turn               (no ring)

@: lightly drained
A: antennae 3, magic regeneration, sturdy frame 2
a: Renounce Religion, Depart the Abyss, Bend Space, Banish, Corrupt, Enter the
Abyss


You were on level 8 of the Dungeon.
You worshipped Lugonu.
Lugonu was extremely pleased with you.
You visited 1 branch of the dungeon, and saw 6 of its levels.
You visited the Abyss 1 time.
You also visited: Sewer.

You collected 270 gold pieces.

Inventory:

Hand Weapons
 g - a +4 war axe (weapon)
 l - a +0 hunting sling
Missiles
 c - 179 stones
 k - 29 sling bullets
 o - 24 poisoned darts (quivered)
Armour
 f - a +0 pair of boots (worn)
 n - a +0 scale mail (worn)
 B - a +0 chain mail
Jewellery
 e - an amulet of regeneration (around neck)
 m - an amulet of the acrobat
Scrolls
 b - a scroll of holy word {unknown}
 h - 6 scrolls of teleportation
 i - 2 scrolls of blinking
 j - 2 scrolls of identify {unknown}
 p - 2 scrolls of noise {unknown}
 t - 2 scrolls of immolation {unknown}
 u - a scroll of vulnerability {unknown}
 v - a scroll of enchant weapon {unknown}
 w - a scroll of fog {unknown}
 z - 3 scrolls of fear {unknown}
 D - a scroll of magic mapping {unknown}
Potions
 a - a potion of attraction {unknown}
 d - 6 potions of heal wounds
 q - 2 potions of haste {unknown}
 r - 2 potions of magic {unknown}
 s - 2 potions of brilliance {unknown}
 x - a potion of lignification {unknown}
 C - a potion of berserk rage {unknown}


   Skills:
 + Level 7.3 Fighting
 * Level 9.1 Axes
 - Level 2.0 Throwing
 - Level 4.0 Armour
 - Level 1.0 Dodging
 - Level 3.1 Invocations


You had 7 spell levels left.
You knew the following spells:

 Your Spells              Type           Power      Damage    Failure   Level
a - Magic Dart            Conj           0%         1d3       45%         1

Your spell library contained the following spells:

 Spells                   Type           Power      Damage    Failure   Level
 Searing Ray              Conj           0%         2d4       61%         2
 Fulminant Prism          Conj/Hex       0%         3d6       99%         4


Dungeon Overview and Level Annotations

Branches:
Dungeon (5/15)              Sewer (visited)
 Temple: D:4-7

Altars:
Gozag
Nemelex Xobeh
Uskayaw

Shops:
D:2 [

Annotations:
D:2 Sigmund
D:8 Joseph


Innate Abilities, Weirdness & Mutations

You have a pair of large antennae on your head. (SInv)
You regenerate magic rapidly.
Your movements are less encumbered by armour. (ER -4)


Message History

Throw: 25 darts (poison)
Press: ? - help, Q - select action, (/) - cycle Shift-Dir - straight line, f/p - Joseph
Aim: Joseph, wielding a +0 hunting sling, wearing a +0 leather armour and quivering sling bullets (lightly wounded, very poisoned, slow, 63% to hit)
You throw a poisoned dart. The poisoned dart hits Joseph.
Joseph looks as sick as possible!
Joseph is lightly wounded.
Joseph shoots a sling bullet.
The sling bullet closely misses you.
Okay, then.
You hear a distant slurping noise.
Joseph shoots a sling bullet.
The sling bullet barely misses you.
Joseph unwields a +0 hunting sling.
Joseph wields a +4 quarterstaff.
Joseph hits you but does no damage.
You hit Joseph but do no damage.
Joseph is moderately wounded.
You hit Joseph.
Joseph is heavily wounded.
Joseph misses you. Joseph closely misses you.
You slash Joseph!
Joseph is heavily wounded.
Joseph barely misses you.
You slash Joseph!
Joseph is severely wounded.
Joseph barely misses you.
You closely miss Joseph.
Joseph is severely wounded.
Joseph hits you with a +4 quarterstaff!!
You barely miss Joseph.
Joseph is severely wounded.
Joseph hits you with a +4 quarterstaff!
You barely miss Joseph.
Joseph is severely wounded.
Joseph hits you with a +4 quarterstaff!
You hit Joseph.
Joseph is severely wounded.
Joseph hits you with a +4 quarterstaff!
* * * LOW HITPOINT WARNING * * *
You slash Joseph!
Joseph is almost dead.
Joseph hits you with a +4 quarterstaff!
You die...

.......#..................
.......#..................
......#..................
#...############+######'
###...###......##....##...
#.....................#...
#.....................#...
#.....................#...
##...####@#######...###...
###...####@##...##'######'#
+..........................
#..........................
#.......)..................
##....##...########'#######
#....##(..## .......... {
#.....#....# ........... {
#....)#@...# ............


You could see Joseph (poisoned).

Vanquished Creatures
  A meliai zombie (D:5)
  3 yaks
  Grum (D:8)
  An orc warrior (D:8)
  A necrophage (D:4)
  An ogre (D:4)
  4 wolves (D:8)
  A bullfrog (D:5)
  A kobold brigand (D:4)
  A scorpion (D:4)
  5 wights
  3 howler monkeys
  A bullfrog skeleton (D:5)
  A jelly (D:2)
  A hound (D:4)
  4 orc priests (D:8)
  Jessica (D:3)
  5 iguanas
  Terence (D:3)
  An orc wizard (D:8)
  A killer bee zombie (D:8)
  A hound skeleton (D:4)
  4 gnolls (D:8)
  6 adders
  4 river rats
  An ufetubus (D:5)
  An adder skeleton (D:4)
  An adder zombie (D:5)
  6 worms
  A dart slug (D:4)
  18 orcs
  8 bats
  15 endoplasms
  9 giant cockroaches
  11 goblins
  6 hobgoblins
  3 jackals (D:5)
  34 kobolds
  6 quokkas
  16 ball pythons
  3 frilled lizards
  24 rats
217 creatures vanquished.

Vanquished Creatures (others)
  An orc wizard (D:4)
  10 toadstools (D:2)
11 creatures vanquished.

Grand Total: 228 creatures vanquished

Notes
Turn   | Place    | Note
-------+----------+-------------------------------------------
     0 | Abyss:1  | Turgor the Demonspawn Abyssal Knight began the quest for
                  | the Orb.
     0 | Abyss:1  | Reached XP level 1. HP: 18/18 MP: 2/2
    51 | D:1      | Escaped the Abyss
   116 | D:1      | Reached skill level 1 in Dodging
   218 | D:1      | Reached skill level 2 in Axes
   271 | D:1      | Gained mutation: You have a pair of small antennae on your
                  | head. [demonic ancestry]
   271 | D:1      | Reached XP level 2. HP: 24/24 MP: 3/3
   301 | D:1      | Learned a level 1 spell: Magic Dart
   556 | D:1      | Reached ** piety under Lugonu
   648 | D:1      | Gained mutation: You regenerate magic rapidly. [demonic
                  | ancestry]
   648 | D:1      | Reached XP level 3. HP: 26/29 MP: 4/4
  1016 | D:2      | Noticed Sigmund
  1036 | D:2      | Found Ipneapy's Armour Shop.
  1287 | D:2      | Reached skill level 3 in Axes
  1288 | D:2      | Reached XP level 4. HP: 25/35 MP: 5/5
  1405 | D:2      | Reached *** piety under Lugonu
  1638 | D:3      | Noticed Terence
  1651 | D:3      | Killed Terence
  1652 | D:3      | Gained mutation: You have a pair of antennae on your head.
                  | [demonic ancestry]
  1652 | D:3      | Reached XP level 5. HP: 17/42 MP: 6/6
  1677 | D:3      | Found a faded altar of an unknown god.
  1713 | D:3      | Found an opulent altar of Gozag.
  1750 | D:3      | Noticed Jessica
  1796 | D:3      | Killed Jessica
  1838 | D:3      | Reached skill level 4 in Axes
  1856 | D:3      | Found a glowing drain.
  1870 | Sewer    | Entered a sewer
  2057 | Sewer    | Reached XP level 6. HP: 48/48 MP: 7/7
  2075 | Sewer    | Reached **** piety under Lugonu
  2484 | D:3      | Found a hide-covered altar of Uskayaw.
  3573 | D:4      | Reached skill level 5 in Axes
  3573 | D:4      | Gained mutation: Your movements are slightly less
                  | encumbered by armour. (ER -2) [demonic ancestry]
  3573 | D:4      | Reached XP level 7. HP: 48/55 MP: 8/8
  4005 | D:4      | Reached ***** piety under Lugonu
  4137 | D:4      | Found a sparkling altar of Nemelex Xobeh.
  4267 | D:4      | Reached skill level 1 in Throwing
  4482 | D:4      | Reached skill level 5 in Fighting
  4675 | D:5      | Entered Level 5 of the Dungeon
  4800 | D:5      | Noticed a yak
  4800 | D:5      | Noticed a yak
  4800 | D:5      | Noticed a yak
  4800 | D:5      | Noticed a yak
  4800 | D:5      | Noticed a yak
  4800 | D:5      | Noticed a yak
  4809 | D:5      | Killed a yak
  4810 | D:5      | Reached skill level 6 in Axes
  4810 | D:5      | Gained mutation: You have a pair of large antennae on your
                  | head. (SInv) [demonic ancestry]
  4810 | D:5      | Reached XP level 8. HP: 46/62 MP: 10/10
  4905 | D:4      | Reached skill level 7 in Axes
  5317 | D:5      | Identified the ring of Qihaew {Drain +Blink Fly Int+2}
  5482 | D:5      | You fall into a shaft and drop 3 floors!
  5532 | D:8      | Reached skill level 8 in Axes
  5642 | D:8      | Gained mutation: Your movements are less encumbered by
                  | armour. (ER -4) [demonic ancestry]
  5642 | D:8      | Reached XP level 9. HP: 70/71 MP: 11/11
  5678 | D:8      | Noticed Grum
  5739 | D:8      | Killed Grum
  5798 | D:8      | Reached skill level 9 in Axes
  5972 | D:8      | Noticed Joseph
  6017 | D:8      | Slain by Joseph

Illustrated notes

Levels and vault maps discovered:
D:1:      dpeg_arrival_simpleton_a, layout_loops_corners,
          hangedman_feature_mirror
D:2:      cheibrodos_fertilizer, layout_rooms, serial_shops, nicolae_shop_stone,
          chequers_serial_rivers_micro_a, uniq_sigmund
D:3:      layout_basic, grunt_gozag_statues, nicolae_uskayaw_suspiria,
          shapermc_ecumenical_altar_flowoftime, gup_sewer_entry_bubbles,
          uniq_jessica, uniq_terence
D:4:      layout_layer_cave, minmay_ruined_shrine
D:5:      layout_basic, mainiacjoe_overflow_surrounded_room
D:8:      layout_gridville, mainiacjoe_overflow_chevrons, enter_ossuary_3,
          uniq_grum, uniq_joseph

Skill      XL: |  1  2  3  4  5  6  7  8  9 |
---------------+----------------------------+-----
Dodging        | 1 |  1.0
Axes           | 2 3 4 5 6 8 9 |  9.1
Armour         | 2 3 4 |  4.0
Fighting       | 4 5 6 7 |  7.3
Throwing       | 1 2 |  2.0
Invocations    | 3 |  3.1

Action                   |  1- 3 |  4- 6 |  7- 9 || total
-------------------------+-------+-------+-------++-------
Melee: Hand axe          |     7 |       |       ||     7
       War axe           |    89 |   214 |   235 ||   538
Throw: Stone             |     5 |       |       ||     5
       Dart              |       |       |    24 ||    24
Invok: Bend Space        |       |       |    11 ||    11
Evoke: Wand              |       |     1 |     6 ||     7
  Use: Scroll            |       |     2 |       ||     2
       Potion            |       |     1 |       ||     1
Armor: Leather armour    |    33 |     9 |       ||    42
       Scale mail        |       |    78 |   101 ||   179
Dodge: Dodged            |    49 |    74 |   146 ||   269

Table legend: (Time is in decaauts)
 A = Elapsed time spent in this place.
 B = Non-inter-level travel time spent in this place.
 C = Inter-level travel time spent in this place.
 D = Time resting spent in this place.
 E = Time spent auto-exploring this place.
 F = Levels seen in this place.
 G = Mean time per level.
                   A        B        C        D        E       F      G
               +--------+--------+--------+--------+--------+-----+--------+
         Total |   6202 |   6024 |    178 |    295 |   1257 |   8 |  775.2 |
       Dungeon |   5565 |   5387 |    178 |    295 |   1101 |   6 |  927.5 |
         Abyss |     51 |     51 |      0 |      0 |      0 |   1 |   51.0 |
         Sewer |    586 |    586 |      0 |      0 |    156 |   1 |  586.0 |
               +--------+--------+--------+--------+--------+-----+--------+

Top non-repeatable levels by time:
     D:4: 1493 daAuts
     D:3: 1149 daAuts
     D:1: 947 daAuts
     D:5: 730 daAuts
     D:2: 705 daAuts
   Sewer: 586 daAuts
     D:8: 538 daAuts
 Abyss:1: 51 daAuts
